[Event "Torneo Nuevo Centro. Jornada 10"]
[Site "Chess.com"]
[Date "2020.08.21"]
[Round "4"]
[White "Yuste Valenzuela, Alejandro"]
[Black "Perez Garcia, Jose Miguel"]
[Result "0-1"]
[WhiteElo "1875"]
[BlackElo "2068"]
[TimeControl "180+2"]
[EndTime "11:15:06 PDT"]
[Termination "Victoria de PEREZOV69 por abandono"]

1. e4 c6 2. d4 d5 3. e5 c5 4. dxc5 Nc6 5. a3 Nxe5 6. b4 a5 7.
Bb2 Ng6 8. b5 e5 9. Nc3 Nf6 10.
Na4 Bf5 11. Nf3 Bg4 12. h3 Bxf3 13. Qxf3 Rc8 14. c6 bxc6 15. bxc6 Bd6 16. Be2 O-O 17. O-O Rxc6 18. Nc3 d4 19. Qxc6 dxc3 20. Qxc3 Qb6 21.
Bf3 e4 22. Bg4 Be5 23. Qd2 Nxg4 24. hxg4 Qxb2 25. Rab1 Qxa3 26. Qd5 e3 27. f4 Bxf4 28. Qf3 Qc5 29. Qe2 Bg5 30. Rb5 Qc7 31. Rxg5 a4 32. Qxe3 Qxc2 33. Rgf5 h6 34. Qf2 Qb3 35. g5 h5 36. Rf3 Qc4 37. Rh3 h4 38. Rf3 Ne5 39. Rf4 Qb3 40. Rxh4 a3 41. Qf5 Ng6 42. Rh3 Qb6+ 43.
Qf2 Qa5 44. Qa2 Qc5+ 45. Kh1 Qxg5 46. Qxa3 Ne5 47. Qg3 Qxg3 48. Rxg3 f6 49. Kg1 Kf7 50. Kf2 Ra8 51. Rb1 Ra2+ 52. Kg1 Ra7 53. Rb4 Nc6 54. Rbg4 g5 55. Rc4 Ne5 56. Rb4 Kg6 57. Rb6 Ra1+ 58. Kh2 Ra8 59. Re3 Ng4+ 60. Kg3 Nxe3 61. Re6 Nf5+ 62. Kf2 Ra2+ 63. Kg1 Ra3 64. Rb6 Rg3 65. Kh2 Rg4 66. Rb5 Rh4+ 67. Kg1 Ng7 68. Rb6 Nh5 69. Rb5 Rg4 70. Rb6 Nf4 71. Ra6 Rxg2+ 72.
Kh1 Rg4 73. Ra4 Nh3 74. Ra5 Rh4 75. Kg2 Nf4+ 76. Kg3 Nh5+ 77. Kf2 Rf4+ 78. Kg2 Rf5 79. Ra8 g4 80. Rg8+ Ng7 81. Kg3 Rg5 82. Ra8 Nh5+ 83.
Kg2 g3 84. Kg1 g2 85. Ra6 Nf4 86.
Ra2 Nh3+ 0

[Event "Torneo Nuevo Centro. Jornada 10"]
[Site "Chess.com"]
[Date "2020.08.21"]
[Round "4"]
[White "Escalona Moncholi, Felix"]
[Black "Valmaña Cantó, Jaime"]
[Result "1/2-1/2"]
[WhiteElo "2085"]
[BlackElo "2401"]
[TimeControl "180+2"]
[EndTime "11:15:40 PDT"]
[Termination "Tablas por repeticiÃ³n"]

1. e4 Nf6 2. e5 Ng8 3. d4 c5 4.
c3 cxd4 5. cxd4 d6 6. Nf3 dxe5 7. Nxe5 Nf6 8. Bc4 e6 9. O-O Be7 10. Nc3 O-O 11. Re1 Nc6 12. Nxc6 bxc6 13. Bg5 Rb8 14. Bb3 Rb4 15. Be3 Nd5 16. Nxd5 cxd5 17.
Qd3 Qb6 18. Red1 Ba6 19. Qd2 Bc4 20. Bxc4 Rxc4 21. b3 Rc6 22. Rac1 Rfc8 23. Rxc6 Rxc6 24. Rc1 h6 25. Rxc6 Qxc6 26. Qc1 Qxc1+ 27. Bxc1 Kf8 28. Kf1 Ke8 29. Ke2 Kd7 30. Kd3 Kc6 31. Bd2 Kb5 32. a4+ Kc6 33. Bc3 Bd6 34. b4 Bxh2 35. g3 h5 36. Ke2 h4 37. gxh4 g6 38. Kf3 a6 39. Kg4 Kd7 40. h5 gxh5+ 41. Kxh5 Bg1 42.
Be1 Ke7 43. Kg4 Bh2 44. Bc3 Bd6 45. f3 Kf6 46. Bd2 Ke7 47. Bc3 f6 48. f4 Kf7 49. Bd2 Kg6 50. Bc3 Bc7 51. Bd2 Bb6 52. Bc3 Kh6 53. Kh4 Kg6 54. Kg4 Ba7 55. Bb2 Kf7 56.
Bc3 Ke7 57. f5 Kf7 58. Bb2 Bb8 59. fxe6+ Kxe6 60. Bc3 f5+ 61. Kf3 Kf6 62. Bd2 Ba7 63.
Be3 Bb6 64. Kf4 Bc7+ 65. Kf3 Bd6 66. b5 axb5 67. axb5 Bc7 68. Bf4 Bb6 69. Be5+ Kg5 70. Bf4+ Kh4 71. Be5 Kg5 72. Bf4+ Kf6 73. Be5+ Ke6 74.
Kf4 Bd8 75. Bb8 Bb6 76. Be5 Ba7 77. Bh8 Bb8+ 78. Kf3 Bc7 79. Bg7 Bd6 80. Bh8 Bc7 81.
Bg7 Kf7 82. Bh8 Bb6 83. Be5 Ke6 84. Kf4 1/2-1

[Event "Torneo Nuevo Centro. Jornada 10"]
[Site "Chess.com"]
[Date "2020.08.21"]
[Round "4"]
[White "Marques Montolio, Luis"]
[Black "Mancebo Ibanez, Fernando"]
[Result "0-1"]
[WhiteElo "1435"]
[BlackElo "2096"]
[TimeControl "180+2"]
[EndTime "11:15:47 PDT"]
[Termination "Victoria de Ferval64 por abandono"]

1. e4 d5 2. exd5 Nf6 3. Nc3 Nxd5 4. Bc4 Nb6 5. Bb3 Nc6 6. Qf3 e6 7. a3 Be7 8. Nge2 O-O 9. O-O Bd7 10. Ne4 Ne5 11.
Qh3 Bc6 12. N4g3 Ng6 13. d4 Bd5 14. Bxd5 exd5 15. Nf4 Bf6 16. Nxg6 hxg6 17. c3 Nc4 18. b3 Nd6 19. f4 Re8 20. Bb2 Re3 21. Rf3 Rxf3 22. gxf3 Qe7 23. Qg2 Qe3+ 24. Qf2 Qxf4 25.
Bc1 Qh4 26. Bd2 Re8 27. Kg2 Bg5 28. Bxg5 Qxg5 29. Re1 Re6 30. Rxe6 fxe6 31. Qe2 Kf7 32. f4 Qe7 33. h3 Nf5 34. Nxf5 gxf5 35. Qe5 Qd6 36.
Qe3 Qxa3 37. b4 a5 38. bxa5 Qxa5 39. Qe2 Qxc3 40. Qh5+ Ke7 41. Qg5+ Kf7 42. Qh5+ Ke7 43. Qg5+ Kd6 44. Qd8+ Kc6 45. Qe8+ Kd6 46. Qd8+ Kc6 47. Qe8+ Kb6 48. Qxe6+ c6 49. Qxf5 Qd2+ 50. Kg3 Qxd4 51. Kg4 Qg1+ 52. Kh4 Qf2+ 53. Kg4 Qg2+ 54. Kh4 Qf3 55.
Qg4 Qf2+ 56. Kg5 Qb2 57. Kh4 Qf6+ 58. Qg5 d4 59. Qxf6 gxf6 60. Kg3 c5 61. h4 c4 62. h5 c3 63. h6 c2 64. h7 c1=Q 65. h8=Q Qe1+ 66.
Kf3 Qe3+ 67. Kg4 Qg1+ 68. Kf5 Qb1+ 69. Ke6 Qb3+ 70. Kxf6 d3 71. Qd8+ Ka7 72. Qd4+ Qb6+ 73.
Qxb6+ Kxb6 74. Ke7 d2 75. f5 d1=Q 76. f6 Qe2+ 77.
Kd7 Qf3 78. Ke7 Kc5 79. f7 Qxf7+ 80. Kxf7 b5 81. Kf6 b4 82. Kf5 b3 83. Kf4 b2 84.
Kf3 b1=Q 85. Ke3 Qd1 0

[Event "Torneo Nuevo Centro. Jornada 10"]
[Site "Chess.com"]
[Date "2020.08.21"]
[Round "4"]
[White "Sos Andreu, Eric"]
[Black "Macias Pino, Diego"]
[Result "1/2-1/2"]
[WhiteElo "2514"]
[BlackElo "2240"]
[TimeControl "180+2"]
[EndTime "11:16:08 PDT"]
[Termination "Tablas por rey ahogado"]

1. d4 d5 2. c4 dxc4 3. e3 a6 4. Bxc4 Nf6 5. Nf3 b5 6. Be2 Bb7 7. O-O e6 8. a4 b4 9. Nbd2 Nbd7 10. a5 c5 11. dxc5 Nxc5 12. Nc4 Be7 13. Nd4 Qc7 14. Nb6 Rd8 15. Bf3 e5 16. Bxb7 Qxb7 17. Qc2 exd4 18. exd4 Ne6 19. Be3 O-O 20. Rad1 Nd5 21. Nc4 Bf6 22.
Qe4 Qa8 23. Ne5 Nxe3 24. Qxe3 Rd6 25. d5 Rxd5 26. Ng4 Bg5 27. Qg3 Rxd1 28. Rxd1 Rd8 29. Rf1 Kh8 30. h4 Bf4 31. Qb3 Qd5 32. Qc2 Qh5 33.
f3 Qc5+ 34. Qxc5 Nxc5 35. Re1 Ne6 36. Re4 Bg3 37. Kf1 Rd1+ 38. Ke2 Re1+ 39. Kd2 Rxe4 40. fxe4 Nc5 41. Ke3 f6 42. h5 Bd6 43. h6 Kg8 44.
hxg7 Kxg7 45. Kd4 Nb3+ 46. Kd5 Bf8 47. Kc4 Nxa5+ 48. Kd5 Nb3 49. Ke6 Nd2 50. Nxf6 Nc4 51. Ne8+ Kg8 52. Nf6+ Kh8 53. b3 Nd2 54. Kf7 Bg7 55. e5 Ne4 56. Nxe4 Bxe5 57. Nc5 a5 58. g4 h6 59. Kg6 Bd4 60. Na4 Be3 61. Kf7 Kh7 62.
Nb2 Bd4 63. Nc4 a4 64. bxa4 b3 65. a5 b2 66. Nd2 Bc3 67. Nb1 Bxa5 68. Kf6 Bc7 69.
Kf7 Be5 70. Ke6 Bd4 71. Kf7 Bh8 72. Na3 Bc3 73. Nb1 Bb4 74. Kf6 Kg8 75. Kg6 Bf8 76. g5 hxg5 77. Kxg5 Kf7 78. Kf5 Ke7 79. Ke4 Kd6 80. Kd3 Kc5 81. Kc2 Bg7 82. Nd2 Kb4 83.
Kb1 Bf6 84. Ne4 Bd4 85. Ng3 Kb3 86. Ne4 Be3 87. Nc5+ Bxc5 1/2-1

[Event "Torneo Nuevo Centro. Jornada 10"]
[Site "Chess.com"]
[Date "2020.08.21"]
[Round "5"]
[White "Vicent Lázaro, Elena"]
[Black "Méndez Giménez , Néstor Emmanuel"]
[Result "0-1"]
[WhiteElo "653"]
[BlackElo "1238"]
[TimeControl "180+2"]
[EndTime "11:18:04 PDT"]
[Termination "Victoria de NestorMendez8 por abandono"]

1. e3 e5 2. c4 Nc6 3. Nc3 Nf6 4.
Bd3 Bc5 5. Bb1 b6 6. Qc2 Bb7 7. Nf3 Nb4 8. Qd3 Nxd3+ 9. Bxd3 Bxf3 10. gxf3 O-O 11. Rg1 d5 0

[Event "Torneo Nuevo Centro. Jornada 10"]
[Site "Chess.com"]
[Date "2020.08.21"]
[Round "5"]
[White "Garrido Silos, Pablo"]
[Black "Perrot, Fabien "]
[Result "1-0"]
[WhiteElo "1456"]
[BlackElo "1112"]
[TimeControl "180+2"]
[EndTime "11:19:23 PDT"]
[Termination "Victoria de Picotina por abandono"]

1. e4 e5 2. Nf3 Nc6 3. Bb5 a6 4. Bxc6 dxc6 5. O-O Nf6 6. Nxe5 Bd6 7. Nf3 O-O 8. e5 Bxe5 9. Nxe5 Re8 10. Nf3 Bg4 11. h3 Bh5 12. d3 Qd5 13. Nc3 Bxf3 14. Nxd5 Bxd1 15. Nxf6+ gxf6 16. Rxd1 Re7 17. Be3 Rae8 18. Re1 f5 19. Kf1 Re5 20. Bf4 Rxe1+ 21. Rxe1 Rc8 22. Re7 Kg7 23. Rxc7 Rb8 24. Rxf7+ Kxf7 25. Bxb8 1

[Event "Torneo Nuevo Centro. Jornada 10"]
[Site "Chess.com"]
[Date "2020.08.21"]
[Round "5"]
[White "Rausell Taberner, Diego"]
[Black "Serrano Requena, Guillem"]
[Result "0-1"]
[WhiteElo "674"]
[BlackElo "1269"]
[TimeControl "180+2"]
[EndTime "11:21:14 PDT"]
[Termination "Victoria de Guily351 por abandono"]

1. e4 c5 2. Nf3 Nc6 3. Bc4 e6 4. O-O d5 5. exd5 exd5 6. Bb5 Bd7 7. Re1+ Be7 8. d3 Nf6 9. Bg5 O-O 10. Nc3 a6 11. Ba4 b5 12. Bb3 Be6 13. a3 c4 14. Ba2 Qc7 15. Qd2 Rad8 16. Bf4 Bd6 17. Rab1 Bxf4 18. Rbc1 Bxd2 19. Ra1 Bxe1 20. Rb1 Bxc3 21.
Rc1 Bxb2 22. Rb1 Bxa3 23. Ra1 Bd6 24. Rb1 Bg4 25. Rc1 Bxf3 26. Ra1 Bxh2+ 27. Kf1 Bh5 0

[Event "Torneo Nuevo Centro. Jornada 10"]
[Site "Chess.com"]
[Date "2020.08.21"]
[Round "5"]
[White "Tormos Beltran, Maite"]
[Black "Hernández Tomás, Efrén"]
[Result "1-0"]
[WhiteElo "1441"]
[BlackElo "1105"]
[TimeControl "180+2"]
[EndTime "11:21:19 PDT"]
[Termination "Victoria de TORBEL79 por abandono"]

1. d4 d5 2. c4 c5 3. e3 e6 4. cxd5 exd5 5. dxc5 Bxc5 6. Nc3 Nf6 7. Nf3 Bb4 8. Qa4+ Nc6 9. Bb5 Bxc3+ 10. bxc3 Bd7 11. O-O Ne4 12. Ba3 Nxc3 13. Qb3 Nxb5 14. Qxb5 Ne5 15. Qxd5 Nxf3+ 16. Qxf3 Bc6 17. e4 Qd4 18. Rfe1 O-O-O 19. Rac1 Rhf8 20. Qg4+ Rd7 21. Bxf8 Kb8 22. Bxg7 Qd6 23. e5 Qa3 24. Rxc6 bxc6 25. Qxd7 Qb4 26. Qd6+ Qxd6 27. exd6 1

[Event "Torneo Nuevo Centro. Jornada 10"]
[Site "Chess.com"]
[Date "2020.08.21"]
[Round "5"]
[White "Perez Garcia, Jose Miguel"]
[Black "Conon, Catalin"]
[Result "1/2-1/2"]
[WhiteElo "2065"]
[BlackElo "1922"]
[TimeControl "180+2"]
[EndTime "11:21:24 PDT"]
[Termination "Partida en tablas por mutuo acuerdo"]

1. c4 Nf6 2. Nc3 e6 3. g3 d5 4. cxd5 exd5 5. d4 Be7 6. Bg2 Kf8 7. e3 Kg8 8. Nge2 g6 9. Nf4 c6 10. h4 h5 11. b3 Kg7 12. Bb2 Nbd7 13. Qc2 Nf8 14.
O-O-O Ne6 15. Nce2 Nxf4 16. Nxf4 Bf5 17. Qc3 Bd6 18. Nd3 Ne4 19. Qc2 a5 20. Bh3 Bxh3 21.
Rxh3 Qd7 22. Rhh1 a4 23. Rhg1 axb3 24. Qxb3 Ra7 25. Kb1 Rha8 26. Ne5 Qe6 27. f3 Nf6 28. g4 hxg4 29. fxg4 Ba3 1/2-1

[Event "Torneo Nuevo Centro. Jornada 10"]
[Site "Chess.com"]
[Date "2020.08.21"]
[Round "5"]
[White "Montesinos Diaz, Luis"]
[Black "Beneyto de Ramon, Guillermo"]
[Result "1-0"]
[WhiteElo "1875"]
[BlackElo "1649"]
[TimeControl "180+2"]
[EndTime "11:21:29 PDT"]
[Termination "Victoria de Gwiso_06 por abandono"]

1. e4 Nf6 2. e5 Nd5 3. d4 d6 4.
exd6 exd6 5. Nf3 Be7 6. c4 Nb6 7. Nc3 Bg4 8. Be2 Nc6 9. O-O O-O 10. d5 Bxf3 11. Bxf3 Ne5 12. b3 Bf6 13. Bb2 c6 14.
dxc6 Nxc6 15. Qc2 Nd4 16. Qd3 Nxf3+ 17. Qxf3 Qd7 18. Rad1 Rad8 19. c5 Nc8 20. cxd6 Nxd6 21. Rxd6 Qxd6 22. Ne4 Qe6 23. Nxf6+ gxf6 24. Bxf6 Rd3 25.
Qf4 Re8 26. Qg5+ Kf8 1

[Event "Torneo Nuevo Centro. Jornada 10"]
[Site "Chess.com"]
[Date "2020.08.21"]
[Round "5"]
[White "Fente Fernandez, Jose Ignacio"]
[Black "Iravedra Ainkov, Francisco"]
[Result "0-1"]
[WhiteElo "1537"]
[BlackElo "1813"]
[TimeControl "180+2"]
[EndTime "11:21:33 PDT"]
[Termination "Victoria de frankeIpro por jaque mate"]

1. e4 d6 2. d4 Nf6 3. Nc3 e5 4. dxe5 dxe5 5. Qxd8+ Kxd8 6. Nf3 Bd6 7. Bg5 Be6 8.
O-O-O Ke7 9. Nh4 h6 10. Bxf6+ gxf6 11. Nf5+ Bxf5 12. exf5 Nc6 13. Nd5+ Ke8 14. Nxf6+ Ke7 15. Nh5 Rhg8 16. f6+ Ke6 17. Bc4+ Kf5 18. Bxf7 Rg5 19. Ng7+ Kxf6 20. Ne8+ Kxf7 21. Nxd6+ cxd6 22. Rxd6 Rxg2 23. Rxh6 Rag8 24. b3 Rxf2 25. Rh7+ Rg7 26. Rh6 Nd4 27. c3 Ne2+ 28. Kb1 Nxc3+ 29. Kc1 Rgg2 30. a4 Rc2# 0

[Event "Torneo Nuevo Centro. Jornada 10"]
[Site "Chess.com"]
[Date "2020.08.21"]
[Round "5"]
[White "Buenafe Moya, Javier"]
[Black "Zamora Soler, Raul"]
[Result "0-1"]
[WhiteElo "1874"]
[BlackElo "1851"]
[TimeControl "180+2"]
[EndTime "11:22:08 PDT"]
[Termination "Victoria de rzamora80 por jaque mate"]

1. c4 e6 2. Nc3 d5 3. e3 c6 4. Nf3 Nf6 5. d4 Be7 6. Be2 O-O 7. O-O Nbd7 8. b3 dxc4 9. bxc4 c5 10. Bb2 cxd4 11.
exd4 a6 12. d5 exd5 13. Nxd5 Nxd5 14. cxd5 Bf6 15. Bxf6 Nxf6 16. Bc4 Bg4 17. h3 Bxf3 18. Qxf3 Qd6 19. a4 Nd7 20. Qg3 Qxg3 21. fxg3 Rac8 22. Rac1 Nb6 23. Bb3 Rfd8 24. a5 Rxc1 25. Rxc1 Nc8 26. Kf2 Kf8 27. Ke3 Nd6 28. g4 Rc8 29.
Rb1 Rc3+ 30. Kd4 Nb5+ 31. Ke5 Ke7 32. Ba4 Nd6 33. Re1 Rc4 34. g5 f6+ 35. gxf6+ gxf6# 0

[Event "Torneo Nuevo Centro. Jornada 10"]
[Site "Chess.com"]
[Date "2020.08.21"]
[Round "5"]
[White "Maestre Soler, Sergio"]
[Black "Romera Navia, Alberto"]
[Result "0-1"]
[WhiteElo "915"]
[BlackElo "1788"]
[TimeControl "180+2"]
[EndTime "11:22:16 PDT"]
[Termination "Victoria de ARomera por tiempo"]

1. e4 e5 2. Bc4 Bc5 3. Qh5 Qf6 4.
Nf3 g6 5. Qh3 Ne7 6. Qg3 d6 7.
d3 Nd7 8. Bg5 Qg7 9. Bxe7 Kxe7 10. Ng5 f6 11. Nf3 Nb6 12. Nc3 Nxc4 13. O-O-O Nb6 14.
Rhe1 Be6 15. Nb5 c6 16. Nc7 Rac8 17. Nxe6 Kxe6 18. Qg4+ Ke7 19. a3 h5 20. Qg3 a5 21. h3 Qh6+ 22. Nd2 h4 0

[Event "Torneo Nuevo Centro. Jornada 10"]
[Site "Chess.com"]
[Date "2020.08.21"]
[Round "5"]
[White "Valero Martinez, Óscar"]
[Black "Soliva Ruiz, Ramon"]
[Result "0-1"]
[WhiteElo "1127"]
[BlackElo "1505"]
[TimeControl "180+2"]
[EndTime "11:22:38 PDT"]
[Termination "Victoria de rasoru por jaque mate"]

1. e4 c5 2. Nf3 e6 3. Nc3 a6 4. Bc4 b5 5. d3 bxc4 6. dxc4 Nc6 7. Bf4 d6 8. e5 Bb7 9. exd6 Nf6 10. Bg5 Qxd6 11. Qxd6 Bxd6 12. O-O Be7 13. Ne2 O-O 14. Bf4 Rad8 15. Ne5 Nxe5 16. Bxe5 Ng4 17. Bc7 Rd7 18. Bb6 Ne5 19. Nf4 Nxc4 20. Rae1 Nxb6 21. Re4 Bxe4 22. Re1 Bxc2 23. Re2 Rd1+ 24. Re1 Rxe1# 0

[Event "Torneo Nuevo Centro. Jornada 10"]
[Site "Chess.com"]
[Date "2020.08.21"]
[Round "5"]
[White "Donate Moreno, Silvia"]
[Black "Gukasov, Artem"]
[Result "1-0"]
[WhiteElo "1807"]
[BlackElo "1458"]
[TimeControl "180+2"]
[EndTime "11:22:50 PDT"]
[Termination "Victoria de monetesSAL por tiempo"]

1. e4 e6 2. d4 d5 3. Bd3 c5 4.
exd5 exd5 5. Nf3 Nf6 6. O-O Be7 7.
dxc5 Bxc5 8. Re1+ Be6 9. Ng5 Qb6 10. Qf3 O-O 11. Nc3 Bg4 12. Qg3 h6 13. Nf3 Nbd7 14.
Na4 Qd6 15. Bf4 Bxf2+ 16. Kxf2 Qb4 17. b3 Rfe8 18. h3 Bxf3 19. Qxf3 b5 20. Nb2 Rxe1 21. Rxe1 Qd4+ 22. Kf1 Qxb2 23. Bxb5 Nb6 24. Bd3 Re8 25. Rxe8+ Nxe8 26. a4 Qb1+ 27. Kf2 Qb2 28. Qe2 Kf8 29. Be5 1

[Event "Torneo Nuevo Centro. Jornada 10"]
[Site "Chess.com"]
[Date "2020.08.21"]
[Round "5"]
[White "Martínez Escandell, Alfonso"]
[Black "Blanco Solaz, Ramón"]
[Result "1-0"]
[WhiteElo "1873"]
[BlackElo "1999"]
[TimeControl "180+2"]
[EndTime "11:22:52 PDT"]
[Termination "Victoria de Alfonso10 por abandono"]

1. e4 c5 2. Nf3 d6 3. d4 cxd4 4. Nxd4 Nf6 5. Nc3 a6 6. a4 e5 7. Nb3 b6 8. Be2 Bb7 9. Bf3 Be7 10. O-O O-O 11. Qe2 Nbd7 12. Rd1 Qc7 13. Bg5 Rac8 14. Bg4 Rfd8 15. Bf5 h6 16. Bh4 g5 17. Bg3 Ne8 18.
Nd5 Bxd5 19. exd5 Ng7 20. Bd3 f5 21. h4 gxh4 22. Bh2 a5 23. Nd4 Nf8 24. Nxf5 Bg5 25. Nxg7 Kxg7 26. Bf5 Rb8 27. Ra3 Nd7 28. Rc3 Qb7 29.
Rc6 Nf6 30. c4 Rbc8 31. Bxc8 Rxc8 32. Rxd6 Qe7 33. Bxe5 Kg8 34. Re6 Qf7 35. Bxf6 Bxf6 36. Rxf6 Qxf6 37. Qg4+ 1

[Event "Torneo Nuevo Centro. Jornada 10"]
[Site "Chess.com"]
[Date "2020.08.21"]
[Round "5"]
[White "Grigorev, Artur "]
[Black "Fitzpatrick Dimas, Kevin"]
[Result "0-1"]
[WhiteElo "928"]
[BlackElo "861"]
[TimeControl "180+2"]
[EndTime "11:23:22 PDT"]
[Termination "Victoria de KevinFDJ por jaque mate"]

1. e4 e5 2. Nf3 Bc5 3. Bc4 Nc6 4. b4 Bxb4 5. c3 Bc5 6. d4 exd4 7. O-O dxc3 8. Bxf7+ Kxf7 9. Qd5+ Ke8 10. Qxc5 d6 11. Qxc3 Be6 12. Qxg7 Qf6 13. Qxf6 Nxf6 14. e5 dxe5 15.
Nxe5 Nxe5 16. Re1 Ke7 17. Rxe5 Rad8 18. h3 Rd1+ 19. Kh2 Rxc1 20. Ra5 a6 21. Ra4 Bd7 22. Rb4 b6 23. a4 a5 24. Rb3 Rc2 25. Na3 Rxf2 26.
Re1+ Kd8 27. Rd3 Rg8 28. Nc4 Rfxg2+ 29. Kh1 Kc8 30. Ne5 Bf5 31. Rd4 Bxh3 32. Rh4 R8g3 33. Nf7 Kd7 34. Rd1+ Ke7 35. Ng5 Bg4 36. Re1+ Kd8 37.
Nf7+ Kc8 38. Re6 Rg1+ 39. Kh2 R3g2# 0

[Event "Torneo Nuevo Centro. Jornada 10"]
[Site "Chess.com"]
[Date "2020.08.21"]
[Round "5"]
[White "Chofre Murcia, Adrián"]
[Black "Yuste Valenzuela, Alejandro"]
[Result "0-1"]
[WhiteElo "1663"]
[BlackElo "1879"]
[TimeControl "180+2"]
[EndTime "11:23:25 PDT"]
[Termination "Victoria de alejandrito290 por abandono"]

1. e4 c5 2. Nf3 d6 3. c3 Nf6 4.
d3 g6 5. Bg5 Bg7 6. Nbd2 O-O 7.
Be2 Nc6 8. O-O h6 9. Bh4 g5 10.
Bg3 Nh5 11. Nb3 Nxg3 12. fxg3 a6 13. d4 cxd4 14. Nfxd4 Nxd4 15. Nxd4 b5 16. Nf5 Bxf5 17.
exf5 a5 18. Kh1 b4 19. cxb4 axb4 20. Qb3 Qa5 21. h3 Bf6 22. h4 Qe5 23. hxg5 hxg5 24.
Rfe1 Qxb2 25. Rab1 Qxb3 26. axb3 Bc3 27. Red1 Kg7 28. Bc4 Be5 29. g4 Ra2 30. Re1 Bd4 31. Kh2 Bf2 32. g3 Bxe1+ 33. Kg1 Bc3 34. Re1 0

[Event "Torneo Nuevo Centro. Jornada 10"]
[Site "Chess.com"]
[Date "2020.08.21"]
[Round "5"]
[White "Camison Zornoza, Cesar"]
[Black "Conejero Martínez, Víctor"]
[Result "1-0"]
[WhiteElo "1794"]
[BlackElo "1412"]
[TimeControl "180+2"]
[EndTime "11:23:25 PDT"]
[Termination "Victoria de cczchess por jaque mate"]

1. e4 c5 2. d4 cxd4 3. c3 dxc3 4. Nxc3 Nc6 5. Nf3 d6 6. Bc4 Nf6 7. O-O e6 8. Qe2 Be7 9. Rd1 O-O 10. e5 Ng4 11. exd6 Bxd6 12. Nb5 Bxh2+ 13. Nxh2 Qh4 14. Qxg4 Qxg4 15. Nxg4 e5 16. Bd5 Bxg4 17. f3 Bd7 18. Nd6 Rab8 19. Nxf7 Rxf7 20. Bxf7+ Kxf7 21. Rxd7+ Ke6 22.
Rxg7 Rd8 23. Be3 Nb4 24. Rc1 Nxa2 25. Ra1 Nb4 26. Rxa7 Nc2 27. Bf2 Rd1+ 28. Kh2 Rd2 29.
Bh4 Ne3 30. Raxb7 Rc2 31. Rb6+ Kf5 32. Rg5+ Kf4 33. Rf6+ Nf5 34. Rfxf5+ Ke3 35. Rxe5+ Kd3 36. Rd5+ Ke2 37. Rge5+ Kf1 38. Rd1# 1

[Event "Torneo Nuevo Centro. Jornada 10"]
[Site "Chess.com"]
[Date "2020.08.21"]
[Round "5"]
[White "Gómez Alonso, Óscar"]
[Black "Aymerich Rosell, Pablo"]
[Result "0-1"]
[WhiteElo "1839"]
[BlackElo "1975"]
[TimeControl "180+2"]
[EndTime "11:23:31 PDT"]
[Termination "Victoria de jasikevic por abandono"]

1. d4 Nf6 2. c4 g6 3. Nc3 d5 4. e3 Bg7 5. Bd3 c5 6. Nge2 cxd4 7.
Nxd4 Nc6 8. Nxc6 bxc6 9. cxd5 cxd5 10. Qa4+ Bd7 11. Bb5 e6 12. O-O O-O 13. Bxd7 Nxd7 14. Bd2 Ne5 15. Ne2 Nc4 16. Bc3 Nxb2 17. Qc2 Nc4 18.
Bxg7 Kxg7 19. Rfd1 Qf6 20. Rac1 Rfc8 21. Qc3 Rab8 22.
Qxf6+ Kxf6 23. Rc2 a5 24. g3 a4 25. Rdc1 a3 26. Nd4 Rb2 27. Nb3 Rb8 28. e4 R8xb3 29. axb3 Rxb3 30. exd5 exd5 31. Rxc4 dxc4 32. Rxc4 Rb1+ 33.
Kg2 a2 34. Rc6+ Kg7 35. Ra6 a1=Q 36. Rxa1 Rxa1 0

[Event "Torneo Nuevo Centro. Jornada 10"]
[Site "Chess.com"]
[Date "2020.08.21"]
[Round "5"]
[White "Pardo Ruiz, Beatriz"]
[Black "Polikarpov, Anton"]
[Result "0-1"]
[WhiteElo "1316"]
[BlackElo "1281"]
[TimeControl "180+2"]
[EndTime "11:23:31 PDT"]
[Termination "Victoria de AntonPolikarpov por tiempo"]

1. e4 e5 2. Nf3 Nc6 3. Bc4 Bc5 4. Nc3 d6 5. h3 h6 6. d3 Nf6 7. Be3 Be6 8. Nd5 Nxd5 9. exd5 Nd4 10. Nxd4 exd4 11.
Bxd4 Bxd4 12. dxe6 Qe7 13. O-O fxe6 14. c3 Bb6 15. Re1 O-O 16. Bxe6+ Kh8 17. Qg4 Bxf2+ 18. Kh1 Bxe1 19. Rxe1 Qf6 20. Bc4 Qf2 21. Rb1 Rae8 22. Qd4 Re1+ 23. Rxe1 Qxe1+ 24. Kh2 Qe5+ 25. Qxe5 dxe5 26.
Kg3 a6 27. Kg4 b5 28. Bd5 Rf4+ 29. Kg3 g5 30. Bb7 a5 31. Bc6 h5 0

[Event "Torneo Nuevo Centro. Jornada 10"]
[Site "Chess.com"]
[Date "2020.08.21"]
[Round "5"]
[White "Escalona Moncholi, Felix"]
[Black "Sos Andreu, Eric"]
[Result "0-1"]
[WhiteElo "2084"]
[BlackElo "2516"]
[TimeControl "180+2"]
[EndTime "11:23:44 PDT"]
[Termination "Victoria de ericovski por tiempo"]

1. e4 c6 2. Nc3 d5 3. Qf3 dxe4 4. Nxe4 Nd7 5. d4 Ndf6 6. Bd3 Bg4 7. Qe3 Nxe4 8. Bxe4 Nf6 9. Bd3 e6 10. c3 Qd5 11. f3 Bf5 12. Bxf5 Qxf5 13. Ne2 Bd6 14. Qg5 Qxg5 15. Bxg5 Nd5 16. O-O h6 17. Bd2 b5 18. b3 O-O 19. c4 bxc4 20. bxc4 Nf6 21. Bf4 Bxf4 22. Nxf4 Rfd8 23. Ne2 Rab8 24. Rab1 Kf8 25.
Kf2 Ke7 26. Ke3 Ne8 27. c5 Nc7 28. Nc3 g5 29. g3 f5 30. f4 Kf6 31. Rxb8 Rxb8 32. Rb1 Rxb1 33. Nxb1 Nd5+ 34. Kf3 Nb4 35. a3 Nc2 36. fxg5+ hxg5 37. h4 gxh4 38. gxh4 Nxd4+ 39. Ke3 Nb3 40. Nd2 Nxc5 41. Nc4 Nd7 42. Na5 Ne5 43. Kf4 c5 44. h5 Nd3+ 45. Ke3 Nb2 0

[Event "Torneo Nuevo Centro. Jornada 10"]
[Site "Chess.com"]
[Date "2020.08.21"]
[Round "5"]
[White "Bercaru, Vlad Ionut"]
[Black "Mellado Sais, Carles"]
[Result "1-0"]
[WhiteElo "1762"]
[BlackElo "1407"]
[TimeControl "180+2"]
[EndTime "11:24:06 PDT"]
[Termination "Victoria de Rata29 por abandono"]

1. d4 Nf6 2. Nf3 g6 3. Nbd2 Bg7 4. e4 d6 5. Bd3 O-O 6. O-O Nbd7 7.
c3 e5 8. dxe5 dxe5 9. Nc4 Re8 10.
Qe2 Nh5 11. Be3 Ndf6 12. Rad1 Qe7 13. Ncxe5 Nd7 14. Nxd7 Bxd7 15. Bg5 Bf6 16. Bxf6 Qxf6 17. e5 Qe7 18. Bb5 Nf4 19. Qc4 Bxb5 20. Qxb5 c6 21. Qc4 Nd5 22. Rfe1 Rad8 23. Qe4 f5 24. Qe2 Nf4 25.
Qe3 Rxd1 26. Rxd1 Nd5 27. Qd4 Rd8 28. c4 c5 29. Qd2 Ne3 30. Qxd8+ Qxd8 31. Rxd8+ Kf7 32.
fxe3 1

[Event "Torneo Nuevo Centro. Jornada 10"]
[Site "Chess.com"]
[Date "2020.08.21"]
[Round "5"]
[White "Mancebo Ibanez, Fernando"]
[Black "Gutierrez Marco, Dario"]
[Result "1-0"]
[WhiteElo "2099"]
[BlackElo "1832"]
[TimeControl "180+2"]
[EndTime "11:24:15 PDT"]
[Termination "Victoria de Ferval64 por abandono"]

1. d4 Nf6 2. c4 c5 3. d5 e6 4. Nc3 exd5 5. cxd5 d6 6. e4 g6 7. f4 Bg7 8. Bb5+ Nfd7 9. Nf3 O-O 10. O-O a6 11. Bd3 b5 12. Kh1 Re8 13. a3 Nb6 14. f5 c4 15. Bc2 N8d7 16. Bg5 Bf6 17. h4 h6 18. Bxh6 Bxh4 19. fxg6 fxg6 20. e5 Nxe5 21.
Nxe5 Rxe5 22. Rf8+ Qxf8 23. Bxf8 Kxf8 24. Qf3+ Bf5 25.
g4 Ke7 26. gxf5 Rh8 27. Kg2 gxf5 28. Bxf5 Rg8+ 29. Kh1 Rh8 30. Bh3 Bf6 31. Rf1 Rh6 32. Qf4 Reh5 33. Kg2 Rxh3 34. Re1+ Kf7 35. Re6 R3h4 36.
Rxf6+ Rxf6 37. Qxh4 Rg6+ 38. Kf3 Kg7 39. Ne4 Rf6+ 40. Qxf6+ 1

[Event "Torneo Nuevo Centro. Jornada 10"]
[Site "Chess.com"]
[Date "2020.08.21"]
[Round "5"]
[White "Rabbani Perez, Oumaima "]
[Black "Alvarez Usina, Jordi"]
[Result "1/2-1/2"]
[WhiteElo "720"]
[BlackElo "1294"]
[TimeControl "180+2"]
[EndTime "11:24:28 PDT"]
[Termination "Tablas por repeticiÃ³n"]

1. e3 e5 2. Bc4 Nf6 3. Nf3 d6 4. Ng5 d5 5. Be2 h6 6. Nf3 Nc6 7. O-O Bd6 8. h3 Be6 9. Nc3 Qd7 10. Nb5 O-O-O 11. Nxa7+ Nxa7 12. a4 g5 13. h4 gxh4 14. Nxh4 e4 15. Bb5 Nxb5 16. axb5 Qxb5 17. d3 Kd7 18.
dxe4 Nxe4 19. Re1 Rhg8 20. Qh5 Rh8 21. Nf5 d4 22. exd4 Qxf5 23. Qd1 Qf3 24. gxf3 Rdg8+ 25. Kf1 Bc4+ 26. Re2 Bxe2+ 27. Kxe2 Nf6 28. Be3 Re8 29. Qb1 Re7 30. Qa2 Rhe8 31. Qa4+ c6 32. Qa7 Kc7 33. Qa5+ Kd7 34. Qf5+ Kc7 35. Qa5+ Kb8 36. Qa8+ Kc7 37.
Qa5+ 1/2-1